 Dungeon Crawl Stone Soup version 0.29.1-13-g9f3cf754e1 (webtiles) character file.

Game seed: 4829673202830319597

32 protoss039 the Digger (level 3, 23/26 HPs)
             Began as a Demonspawn Earth Elementalist on Feb 8, 2023.
             Got out of the dungeon alive.
             The game lasted 00:01:46 (1121 turns).

protoss039 the Digger (DsEE)                        Turns: 1121, Time: 00:01:47

Health: 23/26      AC:  2    Str:  8    XL:     3   Next: 8%
Magic:  4/6        EV: 12    Int: 18    God:
Gold:   21         SH:  0    Dex: 13    Spells: 6/7 levels left

rFire   . . .      SeeInvis .   c - +0 dagger
rCold   . . .      Faith    .   (no shield)
rNeg    . . .      Spirit   .   a - +0 robe
rPois   .          Reflect  .   (helmet restricted)
rElec   .          Harm     .   (no cloak)
rCorr   .          Rampage  .   (no gloves)
Will    .....                   (no boots)
Stlth   ++........              (no amulet)
HPRegen 0.08/turn               (no ring)
MPRegen 0.10/turn               (no ring)

@: no status effects
A: horns 1, demonic magic 1
a: no special abilities


You escaped.
You visited 1 branch of the dungeon, and saw 1 of its levels.

You collected 21 gold pieces.

Inventory:

Hand Weapons
 c - a +0 dagger (weapon)
Armour
 a - a +0 robe (worn)
Scrolls
 d - a scroll of blinking {unknown}
Potions
 b - a potion of magic


   Skills:
 + Level 1.4 Fighting
 - Level 1.7 Dodging
 - Level 1.7 Stealth
 + Level 2.5 Spellcasting
 - Level 0.8 Transmutations
 + Level 3.1 Earth Magic


You had 6 spell levels left.
You knew the following spells:

 Your Spells              Type           Power      Damage    Failure   Level
a - Sandblast             Erth           26%        2d8       4%          1

Your spell library contained the following spells:

 Spells                   Type           Power      Damage    Failure   Level
 Passwall                 Tmut/Erth      7%         N/A       12%         2
 Stone Arrow              Conj/Erth      14%        3d7       26%         3
 Petrify                  Tmut/Erth      9%         N/A       58%         4


Dungeon Overview and Level Annotations

Branches:
Dungeon (1/15) Zot: 4868

Altars:


Innate Abilities, Weirdness & Mutations

You have a pair of small horns on your head.
Spells you cast may paralyse adjacent enemies.


Message History

Aiming: Sandblast (safe; 4% risk of failure)
Press: ? - help, Shift-Dir - straight line, f/p - hobgoblin
Aim: a hobgoblin (moderately wounded, paralysed, 100% to hit)
The blast of sand hits the hobgoblin!
You kill the hobgoblin!
Malevolent energies surge around you.
Unknown command.
Casting: Sandblast (safe; 4% risk of failure)
Confirm with . or Enter, or press ? or * to list all spells.
You don't have enough magic to cast this spell.
Unknown command.
Unknown command.
You miss the kobold. You headbutt the kobold.
The kobold is heavily wounded.
The kobold hits you with a +0 short sword.
Unknown command.
You barely miss the kobold.
The kobold is heavily wounded.
The kobold barely misses you.
You hit the kobold.
The kobold is severely wounded.
The kobold hits you with a +0 short sword.
Your magical contamination has completely faded away.
You hit the kobold but do no damage.
The kobold is severely wounded.
The kobold barely misses you.
You barely miss the kobold. You headbutt the kobold.
You kill the kobold!
No target in view!
Unknown command.
No target in view!
Unknown command.
You see here a +0 club.
There is an open door here.
There is a staircase leading out of the dungeon here.
Are you sure you want to leave the Dungeon?
This will make you lose the game!
Alright, then stay!
There is a staircase leading out of the dungeon here.
Are you sure you want to leave the Dungeon?
This will make you lose the game!
You have escaped!

##......... #.########
#. #. #.# .##.## #.#
..... . #.## .... .
#..# #..# . ##.#
##########..# .#. #(#
#.......##..######...
#.#
#...@...##....w....#.
###.#
#.......##..###......
..#.# #...#...#...#
#)##### #.#.#######
#...#...#...###.#
#.........#
#...#...#...##†.#
###.#####.#
#...>...#.......# #.#
#.#
##.###.###..###.#####
#.#####.####'###'###..#
#......
#........#...#....##..#
####.##


There were no monsters in sight!

Vanquished Creatures
  2 dart slugs (D:1)
  3 ball pythons (D:1)
  A bat (D:1)
  A giant cockroach (D:1)
  3 goblins (D:1)
  4 hobgoblins (D:1)
  2 quokkas (D:1)
  2 frilled lizards (D:1)
  3 kobolds (D:1)
  3 rats (D:1)
24 creatures vanquished.

Notes
Turn   | Place    | Note
-------+----------+-------------------------------------------
     0 | D:1      | protoss039 the Demonspawn Earth Elementalist began the
                  | quest for the Orb.
     0 | D:1      | Reached XP level 1. HP: 13/13 MP: 3/3
     9 | D:1      | Found a faded altar of an unknown god.
   141 | D:1      | Gained mutation: Spells you cast may paralyse adjacent
                  | enemies. [demonic ancestry]
   141 | D:1      | Reached XP level 2. HP: 13/20 MP: 3/5
   295 | D:1      | Reached skill level 1 in Fighting
   599 | D:1      | Reached skill level 3 in Earth Magic
  1076 | D:1      | Gained mutation: You have a pair of small horns on your
                  | head. [demonic ancestry]
  1076 | D:1      | Reached XP level 3. HP: 26/26 MP: 4/6
  1121 | D:$      | Got out of the dungeon alive.

Illustrated notes

Levels and vault maps discovered:
D:1:      heliophobic_arrival_battle_scene, layout_loops_ring,
          chequers_ecumenical_altar_simple_redux

Skill      XL: |  1  2 |
---------------+-------+-----
Fighting       | 1 |  1.4
Earth Magic    | 3 |  3.1
Dodging        | |  1.7
Stealth        | |  1.7
Spellcasting   | |  2.5
Transmutations | |  0.8

Action                   || total
-------------------------++-------
Melee: Dagger            ||    45
       Unarmed           ||     5
       Headbutt          ||     2
 Cast: Sandblast         ||    22
 Stab: Sleeping          ||     2
       Paralysed         ||     1
Armor: Robe              ||    10
Dodge: Dodged            ||    41
